 Dungeon Crawl Stone Soup version 0.28.0 (webtiles) character file.

Game seed: 12419235876717022923

162866 Sharkman1231 the Black Belt (level 17, 0/143 HPs)
             Began as a Demonspawn Berserker on Feb 4, 2022.
             Was a High Priest of Trog.
             Slain by a manticore (7 damage)
             ... on level 3 of the Shoals.
             The game lasted 00:36:27 (40831 turns).

Sharkman1231 the Black Belt (Demonspawn Berserker) Turns: 40831, Time: 00:36:28

Health: 0/143      AC: 24    Str: 18    XL:     17   Next: 22%
Magic:  17/17      EV: 16    Int: 11    God:    Trog [*****.]
Gold:   148        SH: 17    Dex: 18    Spells: 16/16 levels left

rFire   + + .      SeeInvis .     - Unarmed
rCold   . . .      Faith    .   V - +0 kite shield
rNeg    + . .      Spirit   .   f - +3 ring mail "Fuys" {rN+ Slay+2}
rPois   .          Reflect  +   j - +2 hat
rElec   .          Harm     .   U - +1 cloak {rF+}
rCorr   .          Rampage  .   (no gloves)
Will    .....                   y - +2 pair of boots {Fly}
Stlth   +.........              x - amulet of reflection
HPRegen 0.33/turn               w - ring of protection from fire
MPRegen 0.15/turn               O - +4 ring of protection

@: weak-willed, afraid, marked, spiked, flying, mesmerised, studying Fighting
A: claws 2, rugged brown scales 2, powered by pain 3, spiny 1, horns 1, talons
1, wild magic 1, inability to read while threatened
a: Renounce Religion, Berserk, Trog's Hand, Brothers in Arms


You were on level 3 of the Shoals.
You worshipped Trog.
Trog was extremely pleased with you.
You visited 5 branches of the dungeon, and saw 27 of its levels.
You also visited: Volcano.

You collected 2310 gold pieces.
You spent 2162 gold pieces at shops.

Inventory:

Missiles
 L - 3 throwing nets
 M - 8 curare-tipped darts (quivered)
Armour
 f - the +3 ring mail "Fuys" (worn) {rN+ Slay+2}
   (You found it on level 3 of the Dungeon)

   Slay:      It affects your accuracy & damage with ranged weapons and melee
   (+2).
   rN:        It protects you from negative energy.
 h - a +3 ring mail of fire resistance
 j - a +2 hat (worn)
 y - a +2 pair of boots of flying (worn)
 S - +0 ice dragon scales
 U - a +1 cloak of fire resistance (worn)
 V - a +0 kite shield (worn)
Jewellery
 b - a ring of flight
 w - a ring of protection from fire (left claw)
 x - an amulet of reflection (around neck)
 G - a ring of see invisible
 I - a ring of resist corrosion
 O - a +4 ring of protection (right claw)
 Q - an amulet of guardian spirit
 R - a ring of ice
 T - a ring of poison resistance
Wands
 e - a wand of flame (49)
 r - a wand of paralysis (3)
 v - a wand of mindburst (25)
 C - a wand of acid (19)
 N - a wand of digging (2)
 X - a wand of iceblast (3)
Scrolls
 d - 5 scrolls of fear
 i - 8 scrolls of teleportation
 k - 4 scrolls of enchant armour
 n - 3 scrolls of vulnerability
 p - 4 scrolls of immolation
 q - 4 scrolls of blinking
 D - 5 scrolls of fog
 E - 3 scrolls of magic mapping
 P - a scroll of silence
 Y - a scroll of summoning
 Z - 3 scrolls of holy word
Potions
 a - a potion of invisibility
 g - 5 potions of curing
 l - 7 potions of degeneration {unknown}
 m - a potion of berserk rage
 o - 2 potions of flight {unknown}
 s - 3 potions of lignification
 u - 2 potions of resistance
 z - 2 potions of heal wounds
 A - 2 potions of cancellation
 B - 3 potions of brilliance {unknown}
 F - 5 potions of haste
 H - 2 potions of ambrosia
 J - 6 potions of might
 K - 3 potions of magic
Miscellaneous
 c - a condenser vane (inert)
 t - a phantom mirror


   Skills:
 + Level 13.5 Fighting
 - Level 3.2 Maces & Flails
 - Level 7.6 Throwing
 + Level 11.6 Armour
 + Level 11.6 Dodging
 + Level 9.0 Shields
 * Level 16.6 Unarmed Combat
 - Level 5.3 Evocations


You had 16 spell levels left.
You didn't know any spells.
Your spell library was empty.

Dungeon Overview and Level Annotations

Branches:
Dungeon (15/15)            Temple (1/1) D:4            Lair (6/6) D:11
 Shoals (2/4) Lair:3        Snake (0/4) Lair:4        Slime (0/5) Lair:5
    Orc (2/2) D:12            Elf (0/3) Orc:2        Vaults (0/5) D:13
 Depths (0/4) D:15        Volcano (visited)

Altars:
Sif Muna
The Shining One
Beogh

Shops:
D:2 [   D:3 *[((   Orc:2 (?:!   Shoals:1 *

Portals:
Pandemonium: Orc:2


Innate Abilities, Weirdness & Mutations

You have very sharp fingernails.
You are mostly covered in rugged brown scales. (AC +2, +5% HP)
You are powered by pain.
You are partially covered in sharp spines.
You have a pair of small horns on your head.
You have sharp toenails.
Your spells are a little harder to cast, but a little more powerful.
You sometimes lose the ability to read scrolls when taking damage.


Message History

A merfolk comes into view. It is wielding a +0 trident.
The merfolk avatar chants a haunting song.
You block the manticore's attack. x2
The manticore claws you but does no damage.
The merfolk siren chants its luring song.
The merfolk avatar chants its luring song.
A merfolk comes into view. It is wielding a +0 spear.
The pull of its song draws you forwards.
A sea snake and a merfolk come into view.
A merfolk comes into view. It is wielding a +0 trident.
The merfolk avatar chants its luring song.
A sea snake comes into view.
You block the manticore's attack. The manticore barely misses you.
The manticore claws you but does no damage.
The merfolk avatar chants its luring song.
Unknown command.
A merfolk comes into view.
It is wielding a +0 halberd and quivering silver boomerangs.
The merfolk avatar chants its luring song.
The merfolk siren chants its luring song.
The merfolk throws a boomerang.
You reflect the boomerang off an invisible shield around you!
The boomerang hits the merfolk!
You block the merfolk's attack. The sea snake closely misses you.
The merfolk avatar chants its luring song.
The manticore bites you but does no damage.
The manticore closely misses you. x2
The pull of its song draws you forwards.
A merfolk impaler comes into view. It is wielding a +1 vorpal trident.
The satyr plays a frightful melody on his pipes!
The satyr radiates an aura of fear!
You are terrified of the satyr!
The merfolk avatar chants its luring song.
The merfolk hits you but does no damage.
The merfolk siren chants its luring song.
You block the sea snake's attack.
A merfolk javelineer comes into view. It is wielding a +3 vampiric spear.
The manticore is struck by your spines. The manticore misses you.
The manticore claws you but does no damage.
The manticore claws you!
You die...

≈≈≈≈≈≈....##....≈≈≈≈≈≈≈
≈≈≈≈≈≈.m.###...≈≈≈≈≈≈≈≈
≈≈≈≈..≈≈.......≈≈≈.)≈≈.
≈≈....≈c........≈≈≈....
≈≈≈...≈c≈≈m.m#..≈≈≈≈...
≈≈≈≈≈≈cc≈≈....m≈≈≈≈≈...
≈≈≈≈≈..≈≈≈≈.<.m≈≈≈≈≈≈#
≈≈≈≈≈c.≈≈≈≈≈≈SH≈m≈≈S^#
.≈≈≈≈≈≈≈m≈≈≈≈≈@Sm≈≈≈...
≈≈≈≈≈≈≈≈m≈≈≈≈≈≈≈≈≈≈...
≈≈≈≈≈≈≈≈≈≈≈mm≈≈≈..
≈≈≈≈≈≈≈≈≈≈≈≈≈≈m≈..
≈≈≈≈≈≈≈≈≈≈≈≈≈m≈≈≈≈
≈≈≈≈...≈≈≈≈≈≈≈≈≈≈≈
......≈≈≈≈≈≈≈≈≈≈
####..≈≈≈≈≈≈≈≈m


You could see 2 merfolk avatars, 2 merfolk impalers, a merfolk javelineer, a
satyr (scary), 3 sea snakes, 8 merfolk, 2 fauns, a manticore and a merfolk siren
(mesmerising).

Vanquished Creatures
  Nikola (Shoals:1)
  Gastronok (Orc:1)
  Ilsuiw (Shoals:2)
  An orc warlord (Orc:1)
  2 stone giants
  The ghost of Luam the Spear-Bearer, a journeyman OpFi of Cheibriados (Lair:5)
  Snorg (Lair:5)
  2 merfolk impalers (Shoals:2)
  A merfolk javelineer (Shoals:1)
  Josephine (D:10)
  7 hydras
  3 boulder beetles
  3 centaur warriors
  5 vault guards (D:13)
  A demonspawn (Orc:2)
  Harold (D:7)
  4 merfolk aquamancers
  Erica (D:8)
  5 catoblepae
  5 two-headed ogres
  A satyr (Shoals:2)
  7 death yaks (Lair:6)
  Urug (Lair:5)
  4 tengu warriors
  5 orc high priests
  Nergalle (D:10)
  Sonja (Orc:1)
  5 sea snakes
  A bog body (D:13)
  A deep elf archer (Orc:1)
  8 harpies
  3 deep elf pyromancers
  7 orc knights
  7 ugly things
  15 fauns
  7 cyclopes
  11 orc sorcerers
  9 manticores
  2 centaur zombies
  16 merfolk sirens
  5 black mambas
  A rust devil (Orc:2)
  A water nymph (Shoals:2)
  11 cane toads
  6 elephants (Lair:6)
  Joseph (D:8)
  An ice statue (D:13)
  4 gargoyles
  A smoke demon (Orc:2)
  5 rime drakes
  2 kobold demonologists
  Maggie (D:7)
  3 efreet
  An unseen horror (D:12)
  An anaconda simulacrum (D:13)
  8 komodo dragons
  An ice devil (D:13)
  2 harpy zombies (Shoals:2)
  A red devil (Orc:2)
  7 trolls
  3 tengu conjurers (D:15)
  4 polar bears
  3 wind drakes (Shoals:1)
  A hornet (D:11)
  Grinder (D:4)
  Prince Ribbit (D:7)
  16 merfolk
  10 blink frogs
  7 meliai
  5 dream sheep (Lair:6)
  A meliai zombie (D:11)
  6 snapping turtles
  2 shadows
  A centaur simulacrum (D:14)
  3 wraiths (D:10)
  A wyvern (D:8)
  9 water elementals
  A human (D:13)
  53 yaks
  A basilisk (Lair:3)
  2 fire elementals (Volcano)
  2 steam dragons (D:8)
  7 vampire mosquitoes
  3 wargs
  A harpy simulacrum (D:13)
  2 acid dragons (D:11)
  Duvessa (D:5)
  20 water moccasins
  36 orc warriors
  3 sky beasts
  2 ice beasts
  A hornet zombie (D:6)
  2 black bears
  3 boggarts (D:12)
  A necrophage (D:4)
  9 ogres
  8 wolves
  A phantom (D:6)
  23 centaurs
  2 kobold brigands
  13 bullfrogs
  An earth elemental (Volcano)
  2 gnoll sergeants
  3 scorpions
  A wyvern skeleton (D:4)
  Dowan (D:5)
  An elephant simulacrum (D:13)
  6 killer bees
  4 wights (D:9)
  A howler monkey (D:2)
  5 electric eels
  A bullfrog zombie (D:5)
  10 hounds
  A jelly (D:8)
  2 gnoll shamans (D:7)
  33 orc priests
  10 iguanas
  Natasha (D:3)
  19 orc wizards
  7 hell rats (Lair:6)
  A spriggan simulacrum (D:13)
  2 troll simulacra (D:13)
  A hound skeleton (D:4)
  24 gnolls
  7 adders
  3 shadow imps
  A white imp (D:8)
  2 ufetubi
  3 worms
  3 dart slugs
  84 orcs
  9 bats
  A bat zombie (Shoals:2)
  10 endoplasms
  5 giant cockroaches
  6 goblins
  7 hobgoblins
  2 jackals (D:1)
  A quokka (D:3)
  7 ball pythons
  3 frilled lizards
  A goblin zombie (D:8)
  4 hobgoblin zombies (D:8)
  11 kobolds
  2 kobold skeletons (D:8)
  A kobold zombie (D:8)
  An orc skeleton (D:8)
  4 rats
808 creatures vanquished.

Vanquished Creatures (collateral kills)
  The ghost of b960 the Peltast, a journeyman MiBe of Trog (Lair:2)
  A queen bee (Lair:2)
  A hornet (Lair:2)
  4 killer bees (Lair:2)
7 creatures vanquished.

Vanquished Creatures (others)
  2 harpies (Shoals:2)
  A water elemental (Shoals:1)
  An orc priest (D:11)
  An orc wizard (D:11)
  An orc (D:12)
  54 fungi
  110 plants
170 creatures vanquished.

Grand Total: 985 creatures vanquished

Notes
Turn   | Place    | Note
-------+----------+-------------------------------------------
     0 | D:1      | Sharkman1231 the Demonspawn Berserker began the quest for
                  | the Orb.
     0 | D:1      | Reached XP level 1. HP: 18/18 MP: 1/1
   145 | D:1      | Gained mutation: You are partially covered in rugged brown
                  | scales. (AC +1, +3% HP) [demonic ancestry]
   145 | D:1      | Reached XP level 2. HP: 14/24 MP: 2/2
  1190 | D:1      | Found a faded altar of an unknown god.
  1237 | D:1      | Gained mutation: You have sharp fingernails. [demonic
                  | ancestry]
  1237 | D:1      | Reached XP level 3. HP: 28/29 MP: 3/3
  1712 | D:2      | Found Buull's Antique Armour Shop.
  1737 | D:2      | Reached ** piety under Trog
  1758 | D:2      | Reached skill level 1 in Unarmed Combat
  2044 | D:2      | Reached XP level 4. HP: 24/37 MP: 4/4
  2328 | D:3      | Found Asutwa's Assorted Antiques.
  2360 | D:3      | Reached skill level 2 in Unarmed Combat
  2360 | D:3      | Gained mutation: You sometimes gain a little power by
                  | taking damage. [demonic ancestry]
  2360 | D:3      | Reached XP level 5. HP: 43/43 MP: 5/5
  2398 | D:2      | HP: 2/43 [poisoned by an adder]
  2762 | D:3      | Identified the +3 ring mail "Fuys" {rN+ Slay+2}
  2821 | D:3      | Found Zeuvi's Armour Shoppe.
  2826 | D:3      | Bought a +0 cloak for 45 gold pieces
  3016 | D:3      | Found Jueskel's Weapon Shoppe.
  3044 | D:3      | Found Jecufi's Book Emporium.
  3051 | D:3      | Found Pupliy's Weapon Shop.
  3060 | D:3      | Noticed Natasha
  3066 | D:3      | Killed Natasha
  3304 | D:3      | Bought a silvery potion for 20 gold pieces
  3304 | D:3      | Bought a fizzy inky potion for 20 gold pieces
  3444 | D:4      | Reached *** piety under Trog
  3445 | D:4      | Gained mutation: You sometimes gain power by taking damage.
                  | [demonic ancestry]
  3445 | D:4      | Reached XP level 6. HP: 33/49 MP: 6/6
  3709 | D:4      | Noticed Grinder
  3722 | D:4      | Reached skill level 3 in Unarmed Combat
  3722 | D:4      | Killed Grinder
  3723 | D:4      | Gained mutation: You are mostly covered in rugged brown
                  | scales. (AC +2, +5% HP) [demonic ancestry]
  3723 | D:4      | Reached XP level 7. HP: 57/57 MP: 7/7
  3760 | D:4      | Found a staircase to the Ecumenical Temple.
  4307 | Temple   | Entered the Ecumenical Temple
  4339 | D:5      | Entered Level 5 of the Dungeon
  4344 | D:5      | Noticed Duvessa
  4346 | D:5      | Noticed Dowan
  4493 | D:5      | Reached skill level 4 in Unarmed Combat
  4929 | D:5      | Reached skill level 5 in Fighting
  4929 | D:5      | Reached skill level 5 in Unarmed Combat
  4929 | D:5      | Reached XP level 8. HP: 18/65 MP: 8/8
  5511 | D:5      | Killed Dowan
  5516 | D:5      | Killed Duvessa
  5882 | D:5      | Reached skill level 6 in Unarmed Combat
  6698 | D:6      | Reached skill level 5 in Armour
  6698 | D:6      | Reached skill level 5 in Dodging
  6750 | D:6      | Gained mutation: You are partially covered in sharp spines.
                  | [demonic ancestry]
  6750 | D:6      | Reached XP level 9. HP: 72/72 MP: 9/9
  7445 | D:7      | Noticed Prince Ribbit
  7454 | D:7      | Killed Prince Ribbit
  7512 | D:7      | Noticed Harold
  7525 | D:7      | Killed Harold
  7526 | D:7      | Reached skill level 7 in Unarmed Combat
  7780 | D:6      | Noticed a gargoyle
  7780 | D:6      | Noticed a kobold demonologist
  7780 | D:6      | Noticed a troll
  7795 | D:6      | Killed a gargoyle
  7799 | D:6      | Reached skill level 8 in Unarmed Combat
  7805 | D:6      | Noticed an orange demon
  7808 | D:6      | Noticed a red devil
  7808 | D:6      | Killed a kobold demonologist
  7809 | D:6      | Reached XP level 10. HP: 82/82 MP: 10/10
  7816 | D:6      | Noticed a two-headed ogre
  7828 | D:6      | Killed a two-headed ogre
  8121 | D:6      | Upgraded the game from 0.28-b1-70-g80dc712255 to 0.28.0
  8210 | D:7      | Reached **** piety under Trog
  8213 | D:7      | Noticed Maggie
  8243 | D:7      | Killed Maggie
  8952 | D:8      | Reached skill level 9 in Unarmed Combat
  9337 | D:8      | Noticed Joseph
  9357 | D:8      | Killed Joseph
  9485 | D:8      | Noticed Erica
  9491 | D:8      | Killed Erica
 10123 | D:8      | Reached XP level 11. HP: 75/91 MP: 11/11
 11481 | D:10     | Entered Level 10 of the Dungeon
 11596 | D:10     | Reached skill level 1 in Shields
 11607 | D:10     | Reached ***** piety under Trog
 11689 | D:10     | Noticed Josephine
 11697 | D:10     | Reached skill level 10 in Unarmed Combat
 11712 | D:10     | Killed Josephine
 11713 | D:10     | Reached skill level 1 in Throwing
 12201 | D:10     | Noticed Nergalle
 12210 | D:10     | Killed Nergalle
 12543 | D:11     | Noticed a two-headed ogre
 12551 | D:11     | Killed a two-headed ogre
 12976 | D:11     | Noticed a green ugly thing
 12988 | D:11     | Killed a green ugly thing
 13528 | D:11     | Noticed a boulder beetle
 13529 | D:11     | Found a staircase to the Lair.
 13660 | D:11     | Killed a boulder beetle
 13660 | D:11     | Received a gift from Trog
 14675 | D:11     | Reached XP level 12. HP: 64/99 MP: 12/12
 14939 | D:11     | Reached skill level 11 in Unarmed Combat
 15122 | D:11     | Noticed a tengu warrior
 15122 | D:11     | Noticed a two-headed ogre
 15130 | D:11     | Killed a two-headed ogre
 15512 | D:11     | Killed a tengu warrior
 16450 | D:12     | Noticed a two-headed ogre
 16846 | D:12     | Found a staircase to the Orcish Mines.
 17294 | D:13     | Noticed a centaur warrior
 17337 | D:13     | Killed a centaur warrior
 17577 | D:13     | Received a gift from Trog
 17646 | D:13     | Reached skill level 10 in Fighting
 18014 | D:13     | Noticed a two-headed ogre
 18019 | D:13     | Killed a two-headed ogre
 18020 | D:13     | Reached skill level 12 in Unarmed Combat
 18076 | D:13     | Gained mutation: You have very sharp fingernails. [demonic
                  | ancestry]
 18076 | D:13     | Reached XP level 13. HP: 102/108 MP: 13/13
 18245 | D:13     | Reached skill level 5 in Shields
 18516 | D:13     | Reached skill level 5 in Throwing
 18939 | D:13     | HP: 5/108 [meliai/divine providence (11)]
 18940 | D:13     | HP: 1/108 [meliai (8)]
 20358 | D:13     | Found a gate to the Vaults.
 22411 | D:15     | Entered Level 15 of the Dungeon
 22574 | D:15     | Received a gift from Trog
 23260 | D:15     | Reached skill level 1 in Evocations
 23457 | D:15     | Found a shimmering blue altar of Sif Muna.
 23667 | D:15     | Found a staircase to the Depths.
 23667 | D:15     | Noticed a stone giant
 23676 | D:15     | Killed a stone giant
 24151 | Lair:1   | Entered Level 1 of the Lair of Beasts
 24213 | Lair:1   | Reached skill level 13 in Unarmed Combat
 24625 | Lair:1   | Reached XP level 14. HP: 98/116 MP: 14/14
 25445 | Lair:1   | Reached skill level 14 in Unarmed Combat
 25445 | Lair:1   | Gained mutation: You are powered by pain. [demonic
                  | ancestry]
 25445 | Lair:1   | Reached XP level 15. HP: 122/122 MP: 15/15
 25548 | Lair:2   | Noticed b960's ghost (journeyman MiBe)
 25692 | Lair:2   | Found a transporter.
 25697 | Lair:2   | Found a transporter.
 26484 | Lair:3   | Found a staircase to the Shoals.
 27687 | D:2      | Bought a pair of embroidered boots for 165 gold pieces
 27736 | D:3      | Bought a scroll of identify for 46 gold pieces
 27999 | Lair:2   | Killed b960's ghost
 27999 | Lair:2   | Received a gift from Trog
 28533 | Lair:4   | Reached skill level 10 in Armour
 28716 | Lair:4   | Reached skill level 10 in Dodging
 28883 | Lair:4   | Found a staircase to the Snake Pit.
 29748 | Lair:5   | Found a staircase to the Slime Pits.
 29755 | Lair:5   | Noticed Urug
 29767 | Lair:5   | Killed Urug
 29874 | Lair:5   | Found a runed translucent door.
 29875 | Lair:5   | Noticed Luam's ghost (journeyman OpFi)
 29882 | Lair:5   | Killed Luam's ghost
 29926 | Lair:5   | Noticed Snorg
 29939 | Lair:5   | Killed Snorg
 30428 | Lair:6   | Entered Level 6 of the Lair of Beasts
 30489 | Lair:6   | Gained mutation: You are resistant to electric shocks.
                  | (rElec) [potion of mutation]
 30489 | Lair:6   | Gained mutation: You have a pair of small horns on your
                  | head. [potion of mutation]
 30489 | Lair:6   | Gained mutation: Your system is resistant to poisons.
                  | (rPois) [potion of mutation]
 30492 | Lair:6   | Lost mutation: Your system is resistant to poisons. (rPois)
                  | [potion of mutation]
 30492 | Lair:6   | Lost mutation: You are resistant to electric shocks.
                  | (rElec) [potion of mutation]
 30492 | Lair:6   | Gained mutation: You sometimes lose the ability to read
                  | scrolls when taking damage. [potion of mutation]
 30492 | Lair:6   | Gained mutation: You have sharp toenails. [potion of
                  | mutation]
 31320 | Lair:6   | Reached skill level 15 in Unarmed Combat
 32478 | Lair:6   | Reached XP level 16. HP: 109/133 MP: 16/16
 32826 | Orc:1    | Entered Level 1 of the Orcish Mines
 32826 | Orc:1    | Noticed Gastronok
 33140 | Orc:1    | Killed Gastronok
 33335 | Orc:1    | Noticed Sonja
 33341 | Orc:1    | Killed Sonja
 33670 | Orc:1    | Found the +18 Lear's hauberk
 33710 | Orc:1    | Reached skill level 5 in Evocations
 34535 | Orc:2    | Entered Level 2 of the Orcish Mines
 34572 | Orc:2    | Found a dark tunnel.
 34580 | Volcano  | Entered a volcano
 35350 | Orc:2    | Found Batud's Distillery.
 35353 | Orc:2    | Found Pehimp's Magic Scroll Boutique.
 35363 | Orc:2    | Received a gift from Trog
 35837 | Orc:2    | Bought a scroll of identify for 34 gold pieces
 35837 | Orc:2    | Bought a scroll of brand weapon for 340 gold pieces
 35841 | Orc:2    | Bought a potion of heal wounds for 90 gold pieces
 35841 | Orc:2    | Bought a potion of berserk rage for 90 gold pieces
 35898 | Orc:2    | Paralysed by an orc sorcerer for 6 turns
 36784 | Orc:2    | Received a gift from Trog
 36793 | Orc:2    | Gained mutation: Your spells are a little harder to cast,
                  | but a little more powerful. [a neqoxec]
 36951 | Orc:2    | Found Bidoacsi's Book Emporium.
 36951 | Orc:2    | Found Extattic's Antique Weapon Shoppe.
 36951 | Orc:2    | Found a one-way gate leading to the halls of Pandemonium.
 36964 | Orc:2    | Bought a manual of Fighting for 1040 gold pieces
 37019 | Orc:2    | Found a staircase to the Elven Halls.
 37540 | Shoals:1 | Entered Level 1 of the Shoals
 38219 | Shoals:1 | Reached skill level 16 in Unarmed Combat
 38307 | Shoals:1 | Noticed Nikola
 38693 | Shoals:1 | Killed Nikola
 38879 | Shoals:1 | Received a gift from Trog
 39206 | Shoals:1 | Found Sunim's Assorted Antiques.
 39256 | Shoals:1 | Bought a wand of acid (4) for 272 gold pieces
 40020 | Shoals:2 | Reached XP level 17. HP: 56/142 MP: 17/17
 40028 | Shoals:2 | HP: 3/143 [faun/stone[a satyr] (8)]
 40033 | Shoals:2 | Noticed Ilsuiw
 40247 | Shoals:2 | Killed Ilsuiw
 40788 | Shoals:2 | HP: 1/143 [merfolk impaler (12)]
 40793 | Shoals:2 | HP: 7/143 [merfolk (3)]
 40811 | Shoals:2 | HP: 2/143 [merfolk (18)]
 40822 | Shoals:2 | You are sucked into a shaft and drop 1 floor!
 40827 | Shoals:3 | HP: 7/143 [manticore (2)]
 40831 | Shoals:3 | Slain by a manticore

Illustrated notes

Levels and vault maps discovered:
D:1:      matt_arrival_grand_opening, layout_basic,
          dreamdust_ecumenical_altar_hidden_monk_grotto
D:2:      layout_basic, serial_shops, nicolae_diamond_shop, basic_altar,
          minmay_misc_feat_plants
D:3:      layout_loops_ring, serial_shops, shop, shop_fountains,
          nicolae_shop_bloodbath_and_beyond, nicolae_diamond_shop,
          nicolae_shop_behind_doors, uniq_natasha
D:4:      layout_basic, minmay_temple_entry_grid, uniq_grinder
D:5:      layout_basic, uniq_duvessa
D:6:      minmay_klotski, layout_layer_cave
D:7:      layout_rooms, serial_glass, glass_columns_b, glass_columns_c,
          uniq_maggie, uniq_harold, uniq_prince_ribbit1
D:8:      layout_gridville, nicolae_tso_besieged_by_evil, uniq_joseph,
          uniq_erica
D:9:      layout_layer_cave
D:10:     layout_loops_ring, uniq_josephine, uniq_nergalle
D:11:     minmay_opposing_rooms, layout_basic, erik_lair_island,
          minmay_misc_feat_cross
D:12:     layout_roguey, erik_orc_2
D:13:     dreamdust_isle_of_ice, layout_grid_maze, grunt_vaults_entry_fortified
D:14:     layout_irregular_city, serial_park_tiny_pond, david_defended_altar_orc
D:15:     grunt_enter_depths_snipers, layout_loops_ring,
          nicolae_sif_muna_condensation
Temple:   mainiacjoe_temple_hex_bubbles
Lair:1:   beast_lair_carwin_large_3, layout_chaotic_city, grunt_megastairs_5,
          lemuel_fruit_tree, serial_bayou_shore_b
Lair:2:   layout_chaotic_city, gammafunk_ghost_hive,
          nicolae_quartered_pool_impasse, infiniplex_staircase_pool_2,
          serial_bayou_shore_b
Lair:3:   layout_loops_ring, elwin_shoals_entry_stream
Lair:4:   layout_regular_city, minmay_snake_entry_six_corridors
Lair:5:   layout_long_grid, slime_dummy, ebering_ghost_reflecting_pool,
          lemuel_fruit_fields, uniq_urug, uniq_snorg
Lair:6:   evilmike_catoblepas_cave, layout_loops_ring, st_stairs_4,
          serial_bayou_pond_e
Shoals:1: layout_shoals, serial_shops, nicolae_shop_window_shopping, uniq_nikola
Shoals:2: layout_shoals, nicolae_shoals_undead_eyrie, uniq_ilsuiw
Shoals:3: layout_shoals, st_sunken_temple
Orc:1:    layout_caves, elf_legates, uniq_sonja, uniq_gastronok
Orc:2:    pf_orc_diabolical, layout_diamond_mine, nicolae_volcano_entry_s_turn

Skill      XL: |  1  2  3  4  5  6  7  8  9 10 11 12 13 14 15 16 17 |
---------------+----------------------------------------------------+-----
Maces & Flails | 3 |  3.2
Armour         | 2 3 4 5 6 7 8 9 10 11 | 11.6
Dodging        | 2 3 4 5 6 7 8 9 10 11 | 11.6
Unarmed Combat | 1 2 3 5 6 8 9 10 12 13 14 15 16 | 16.6
Fighting       | 4 5 6 7 8 9 10 11 13 | 13.5
Shields        | 3 4 6 7 8 9 |  9.0
Throwing       | 3 4 6 7 |  7.6
Evocations     | 1 2 4 5 |  5.3

Action                   |  1- 3 |  4- 6 |  7- 9 | 10-12 | 13-15 | 16-18 || total
-------------------------+-------+-------+-------+-------+-------+-------++-------
Melee: Mace              |   144 |   145 |   143 |       |       |       ||   432
       Punch             |     2 |     3 |     2 |       |       |       ||     7
       Unarmed           |       |       |   114 |   632 |   874 |   795 ||  2415
       Headbutt          |       |       |       |       |    78 |   196 ||   274
Throw: Throwing net      |       |       |       |     3 |       |       ||     3
       Dart              |       |       |       |     2 |       |     5 ||     7
Invok: Berserk           |       |     3 |     5 |     5 |     4 |     4 ||    21
       Brothers in Arms  |       |       |       |       |     1 |     2 ||     3
Evoke: Wand              |       |       |       |    14 |     2 |    14 ||    30
       Condenser vane    |       |       |       |       |       |     1 ||     1
  Use: Potion            |       |     2 |       |     2 |     7 |    18 ||    29
       Scroll            |       |       |       |     2 |    16 |     6 ||    24
 Stab: Held in net/web   |       |       |       |     1 |       |       ||     1
       Petrified         |       |       |       |       |     5 |       ||     5
Armor: Animal skin       |    20 |       |       |       |       |       ||    20
       Ring mail         |    46 |    85 |   136 |   268 |   360 |   299 ||  1194
       Ice dragon scales |       |       |       |     8 |    12 |       ||    20
Dodge: Dodged            |   111 |   112 |   162 |   476 |   432 |   390 ||  1683
Block: Buckler           |       |       |    41 |   164 |    40 |       ||   245
       Kite shield       |       |       |       |       |   507 |   841 ||  1348
       Reflection        |       |       |       |       |       |    41 ||    41
